Map: Oxide LE

Players

Dream - Winner!

  • Race: Terran Terran
  • Spawn Location: 7:00

Has

  • Race: Protoss Protoss
  • Spawn Location: 1:00

Event: IEM Katowice 2021

VOD

Have the link to the VOD?

Description

Time

  • Played on: Feb. 20, 2021, 10:28 a.m.
  • Length: 5:37

All games in this series

Show
View Real Time Build Order
Export as new Build Order

Dream Terran - Winner!

Build Orders: Reaper Expand 

Get SALT Encoding   

  12  0:00  SCV  
  13  0:12  SCV  
  14  0:16  Supply Depot  
  14  0:24  SCV  
  15  0:38  SCV  
  15  0:39  Barracks  
  16  0:43  Refinery  
  16  0:50  SCV  
  17  1:02  SCV  
  18  1:14  SCV  
  19  1:27  Reaper, Orbital Command  
  20  1:39  Command Center  
  20  1:52  SCV  
  21  1:55  Supply Depot  
  21  1:58  Marine  
  22  2:06  Factory  
  22  2:10  SCV  
  23  2:16  Marine  
  23  2:21  Bunker  
  24  2:24  SCV  
  25  2:36  SCV  
  25  2:37  Marine  
  26  2:42  Refinery  
  27  2:49  SCV  
  28  2:51  Orbital Command  
  28  2:54  Factory Tech Lab  
  28  2:55  Marine  
  29  3:01  SCV  
  29  3:12  Marine  
  29  3:14  Siege Tank  
  29  3:16  SCV  
  34  3:21  SCV  
  34  3:23  Starport  
  35  3:29  Bunker  
  35  3:30  SCV, Marine  
  35  3:33  SCV  
  38  3:40  Supply Depot  
  38  3:46  Siege Tank  
  38  3:47  SCV  
  42  3:48  SCV, Marine  
  44  3:59  SCV  
  44  4:01  SCV  
  45  4:02  Viking  
  45  4:06  Marine  
  47  4:12  SCV, Engineering Bay  
  48  4:20  SCV  
  48  4:21  Supply Depot  
  48  4:24  SCV, Marine  
  51  4:40  SCV x2  
  51  4:43  Marine, Siege Tank  
  58  4:50  Missile Turret  
  58  4:54  SCV x2  
  60  5:00  Starport Tech Lab  
  60  5:05  Barracks  
  60  5:06  Barracks, Barracks Reactor  
  58  5:07  SCV x2  
  60  5:19  SCV x2  
  62  5:25  Supply Depot  
  62  5:27  Refinery  
  62  5:28  Refinery  
Show
View Real Time Build Order
Export as new Build Order

Has Protoss 

Build Orders: Dark Templar Rush 

Get SALT Encoding   

  12  0:00  Probe  
  13  0:12  Probe  
  14  0:17  Pylon  
  14  0:24  Probe (Chrono Boost)  
  16  0:35  Gateway  
  16  0:36  Probe (Chrono Boost)  
  16  0:41  Probe (Chrono Boost)  
  16  0:46  Assimilator  
  17  0:53  Probe  
  17  0:55  Assimilator  
  18  1:05  Probe  
  19  1:17  Probe  
  20  1:23  Assimilator  
  20  1:24  Cybernetics Core  
  20  1:26  Pylon  
  20  1:29  Probe  
  21  1:41  Probe  
  22  1:53  Probe  
  23  2:00  Stalker (Chrono Boost)  
  23  2:01  Robotics Facility  
  23  2:05  Probe  
  23  2:06  Warp Gate  
  26  2:09  Shield Battery  
  26  2:17  Probe  
  26  2:22  Pylon  
  27  2:45  Immortal (Chrono Boost)  
  27  2:47  Twilight Council  
  31  3:14  Warp Prism (Chrono Boost)  
  33  3:24  Dark Shrine  
  33  3:38  Gateway  
  33  3:46  Observer  
  34  3:50  Nexus  
  34  4:06  Probe  
  34  4:08  Pylon  
  35  4:10  Stalker  
  37  4:19  Pylon  
  37  4:23  Probe  
  38  4:30  Observer  
  32  4:50  Probe  
  32  4:51  Warp Prism, Dark Templar, Observer  
  35  5:02  Dark Templar, Probe  
  35  5:07  Probe  
  38  5:14  Probe  
  38  5:19  Probe  

Tags
 
Add a new tag
Caveats
  • Supply blocks, unpowered buildings, or Contaminate may cause inaccurate times.
  • Supply counts are checked every 10 seconds.